 Dungeon Crawl Stone Soup version 0.23.0 (webtiles) character file.

Game seed: 489248730820689078

13158 Kairos the Cleaver (level 12, -9/61 HPs)
             Began as a Vine Stalker Fighter on Feb 15, 2019.
             Was a High Priest of Cheibriados.
             Splashed by an oklob plant's acid (12 damage)
             ... on level 3 of the Lair of Beasts.
             The game lasted 00:28:15 (9308 turns).

Kairos the Cleaver (Vine Stalker Fighter)           Turns: 9308, Time: 00:28:16

Health: -9/61      AC: 14    Str: 40    XL:     12   Next: 3%
Magic:  0/14       EV:  9    Int: 19    God:    Cheibriados [*****.]
Gold:   729        SH: 23    Dex: 36    Spells: 11/11 levels left

rFire    + . .     SeeInvis .   a - +0 war axe
rCold    . . .     Gourm    .   Q - +0 large shield
rNeg     . . .     Faith    .   j - +2 chain mail
rPois    .         Spirit   +   I - +0 helmet of the Lumpy Lies {+Blink rF+ Str-3 Dex+4}
rElec    .         Reflect  .   o - scarf {cloud immunity}
rCorr    .         Harm     .   C - +2 pair of gloves
MR       ++...                  L - +0 pair of boots
Stlth    ..........             c - amulet "Xyxused" {+Rage Str+9}
HPRegen  1.00/turn              P - ring of protection from magic
MPRegen  0.14/turn              n - +6 ring of dexterity

@: corroded, very slightly contaminated, very slow
A: fangs 3, regeneration 2, magic shield, antimagic bite, no potion heal 3, rot
immunity
a: Bend Time, Temporal Distortion, Slouch, Step From Time, Renounce Religion,
Evoke Blink, Evoke Berserk Rage


You were on level 3 of the Lair of Beasts.
You worshipped Cheibriados.
Cheibriados was extremely pleased with you.
You were not hungry.

You visited 3 branches of the dungeon, and saw 12 of its levels.
You also visited: Gauntlet.

You collected 729 gold pieces.

Inventory:

Hand Weapons
 a - a +0 war axe (weapon)
 y - a +0 morningstar
Missiles
 b - 15 javelins (quivered)
 B - 15 tomahawks
 M - 7 tomahawks of dispersal
Armour
 j - a +2 chain mail (worn)
 o - a scarf of cloud immunity (worn)
 C - a +2 pair of gloves (worn)
 F - a +2 scale mail of cold resistance
 I - the +0 helmet of the Lumpy Lies (worn) {+Blink rF+ Str-3 Dex+4}
   (You found it in a Gauntlet)

   It affects your strength (-3).
   It affects your dexterity (+4).
   It protects you from fire.
   It lets you blink.
 L - a +0 pair of boots (worn)
 O - a scarf of repulsion
 Q - a +0 large shield (worn)
Jewellery
 c - the amulet "Xyxused" (around neck) {+Rage Str+9}
   (You found it in a Gauntlet)

   [amulet of rage]

   It affects your strength (+9).
   It lets you go berserk.
 k - an uncursed ring of protection from cold
 m - a +5 amulet of reflection
 n - a +6 ring of dexterity (right hand)
 q - an uncursed ring of ice
 x - an uncursed ring of ice
 P - a ring of protection from magic (left hand)
Wands
 G - a wand of clouds (5)
 K - a wand of enslavement (6)
 T - a wand of scattershot (4)
 U - a wand of paralysis (26)
 W - a wand of acid (5)
Scrolls
 g - 2 scrolls of remove curse
 h - 3 scrolls of teleportation
 i - a scroll of fear
 l - 2 scrolls of amnesia
 v - a scroll of blinking
 w - a scroll of magic mapping
 D - 2 scrolls of fog
 H - 3 scrolls of enchant weapon {unknown}
 N - 2 scrolls of enchant armour
Potions
 d - 3 potions of might
 e - 3 potions of mutation {unknown}
 p - 7 potions of curing
 r - 5 potions of heal wounds {unknown}
 s - 3 potions of agility {unknown}
 t - 2 potions of cancellation {unknown}
 u - a potion of magic {unknown}
 z - 2 potions of degeneration {unknown}
 A - 4 potions of lignification {unknown}
 E - 2 potions of invisibility
 J - 2 potions of brilliance {unknown}
 R - a potion of resistance {unknown}
 S - a potion of berserk rage {unknown}
Comestibles
 f - 25 rations


   Skills:
 + Level 6.2 Fighting
 + Level 11.3 Axes
 + Level 2.3 Throwing
 + Level 6.9 Armour
 + Level 2.4 Dodging
 + Level 1.8 Stealth
 + Level 9.2 Shields
 + Level 1.5 Invocations


You had 11 spell levels left.
You didn't know any spells.
Your spell library was empty.

Dungeon Overview and Level Annotations

Branches:
Dungeon (8/15)             Temple (1/1) D:4            Lair (3/6) D:8
  Swamp: Lair:2-4    Shoals: Lair:2-4     Snake: Lair:2-4    Spider: Lair:2-4

Altars:
Ashenzari
Cheibriados
Dithmenos
Elyvilon
Fedhas
Gozag
Hepliaklqana
Kikubaaqudgha
Makhleb
Okawaru
Qazlal
Ru
Sif Muna
Trog
Uskayaw
Vehumet
Wu Jian
Xom
Yredelemnul
Zin
The Shining One
Lugonu

Shops:
D:5 :   D:7 [(%

Annotations:
Lair:3 exclusion: oklob plant, Gastronok


Innate Abilities, Weirdness & Mutations

You have razor-sharp teeth.
You heal very quickly.
When hurt, damage is shared between your health and your magic reserves.
Your bite disrupts and absorbs the magic of your enemies.
Potions cannot restore your health.
You are immune to rotting.


Message History

* * * LOW HITPOINT WARNING * * *
The blink frog blinks!
You block the blink frog's attack.
You blink.
You feel slightly more hungry.
The blink frog blinks!
Found 11 gold pieces.
The blink frog blinks! x2; You block the blink frog's attack.
The blink frog blinks! x2; You block the blink frog's attack. x3
The blink frog blinks! x2; The blink frog hits you.
* * * LOW HITPOINT WARNING * * *
Found a stone staircase leading up.
Blink to where?
Press: ? - help, Dir - move target cursor You are very lightly contaminated with residual magic.
As you read the scroll of blinking, it crumbles to dust.
Marking area around the oklob plant as unsafe for travelling.
An oklob plant comes into view.
The oklob plant spits acid at you. The splash of acid hits you!
* * * LOW HITPOINT WARNING * * *
The acid corrodes you!
You are splashed with acid!
You die...

[.......§#l###.....#
......#..§FF§......#
.P.##.......#......#
P #.#....F#...⌠..# ..
#..#..⌠....$...# .⌠.
...#...........#.$..
##..##.......⌠.......
# #..............#
.#...⌠..@..⌠..#
#.#.........#..
##...⌠....#
##......#...
.#...##.... .##...#
.... .. ..... ... ..
⌠.>.⌠ ..


You could see an oklob plant and 2 blink frogs.

Vanquished Creatures
  A minotaur (Gauntlet)
  A green death (Gauntlet)
  2 death scarabs (Gauntlet)
  2 spectral hydras (Gauntlet)
  An elephant (D:8)
  A black mamba (Lair:2)
  2 spiny frogs
  A rime drake (Lair:1)
  3 komodo dragons (Lair:2)
  4 hippogriffs
  9 yaks
  Eustachio (D:8)
  A basilisk (Lair:2)
  6 water moccasins
  8 porcupines
  3 orc warriors (D:8)
  An eye of draining (D:8)
  5 wolves (Lair:1)
  3 ogres
  2 sky beasts
  5 crocodiles
  Blork the orc (D:8)
  A gnoll sergeant (D:8)
  2 bullfrogs
  4 scorpions
  A water moccasin skeleton (D:4)
  3 killer bees (D:8)
  4 wights (D:4)
  4 jellies
  A bullfrog zombie (D:7)
  2 quasits
  3 hounds
  2 orc wizards
  2 orc priests
  2 bullfrog skeletons
  2 iguanas
  4 worker ants
  A hound zombie (D:5)
  A hound skeleton (D:5)
  A worker ant zombie (D:8)
  19 adders
  8 gnolls
  7 oozes
  An adder zombie (D:5)
  3 adder skeletons (D:4)
  A dart slug (D:1)
  6 leopard geckos
  32 orcs
  8 giant cockroaches
  10 goblins
  9 hobgoblins
  15 jackals
  9 kobolds
  5 quokkas
  3 ball pythons
  3 bats
  3 frilled lizards
  A giant cockroach zombie (D:6)
  A jackal skeleton (D:6)
  A quokka skeleton (D:8)
  A quokka zombie (D:8)
  3 rats
  A butterfly (Lair:1)
  2 fungi (Lair:2)
255 creatures vanquished.

Vanquished Creatures (others)
  5 dream sheep (Lair:2)
  2 fungi (Lair:2)
  A plant (Lair:2)
8 creatures vanquished.

Grand Total: 263 creatures vanquished

Notes
Turn   | Place    | Note
-------+----------+-------------------------------------------
     0 | D:1      | Kairos the Vine Stalker Fighter began the quest for the
                  | Orb.
     0 | D:1      | Reached XP level 1. HP: 11/11 MP: 2/2
   378 | D:1      | Reached XP level 2. HP: 14/16 MP: 3/3
   603 | D:1      | Reached skill level 2 in Axes
   630 | D:1      | Reached XP level 3. HP: 19/20 MP: 4/4
  1245 | D:2      | Found an ornate altar of the Wu Jian Council.
  1290 | D:2      | Gained mutation: Your natural rate of healing is unusually
                  | fast. [Vine Stalker growth]
  1290 | D:2      | Reached XP level 4. HP: 13/24 MP: 5/5
  2028 | D:2      | Found a bloodstained altar of Trog.
  2183 | D:3      | Found a sacrificial altar of Ru.
  2183 | D:3      | Found a hide-covered altar of Uskayaw.
  2187 | D:3      | Found a burning altar of Makhleb.
  2754 | D:4      | Reached XP level 5. HP: 20/28 MP: 4/6
  2808 | D:4      | Reached skill level 3 in Axes
  3056 | D:4      | Reached XP level 6. HP: 32/32 MP: 7/7
  3144 | D:4      | Found a staircase to the Ecumenical Temple.
  3221 | D:4      | Reached XP level 7. HP: 36/36 MP: 8/8
  3234 | Temple   | Entered the Ecumenical Temple
  3360 | D:4      | Reached skill level 4 in Axes
  3659 | Temple   | Became a worshipper of Cheibriados the Contemplative
  3691 | D:5      | Entered Level 5 of the Dungeon
  4006 | D:5      | Found Gocinnuo's Book Boutique.
  4057 | D:5      | Found an iron altar of Okawaru.
  4076 | D:5      | Reached skill level 5 in Axes
  4150 | D:5      | Reached skill level 5 in Shields
  4150 | D:5      | Gained mutation: You have razor-sharp teeth. [Vine Stalker
                  | growth]
  4150 | D:5      | Reached XP level 8. HP: 36/42 MP: 9/9
  4307 | D:6      | Reached * piety under Cheibriados
  4482 | D:6      | Reached skill level 6 in Axes
  4484 | D:6      | Reached ** piety under Cheibriados
  4734 | D:6      | Found a deep blue altar of Sif Muna.
  4850 | D:6      | Found a glowing silver altar of Zin.
  4852 | D:6      | Noticed an angel
  4872 | D:6      | Found a bloodstained altar of Trog.
  4872 | D:6      | Found a glowing golden altar of the Shining One.
  4939 | D:7      | Found Bisynledi's Food Shop.
  4979 | D:7      | Reached skill level 1 in Dodging
  5253 | D:7      | Noticed a hippogriff
  5264 | D:7      | Killed a hippogriff
  5264 | D:7      | Reached XP level 9. HP: 46/46 MP: 10/10
  5348 | D:7      | Found an opulent altar of Gozag.
  5373 | D:7      | Found Xecadac's Armour Shop.
  5441 | D:7      | Reached skill level 7 in Axes
  5442 | D:7      | Found Ziskauth's Antique Weapon Shoppe.
  5941 | D:8      | Noticed Eustachio
  5946 | D:8      | Killed Eustachio
  5946 | D:8      | Noticed Blork the orc
  5959 | D:8      | Killed Blork the orc
  6003 | D:8      | Found an ancient bone altar of Kikubaaqudgha.
  6026 | D:8      | Found a staircase to the Lair.
  6026 | D:8      | Noticed an elephant
  6087 | D:8      | Reached skill level 5 in Armour
  6112 | D:8      | Reached *** piety under Cheibriados
  6229 | D:8      | Reached skill level 8 in Axes
  6694 | D:8      | Killed an elephant
  6694 | D:8      | Reached skill level 5 in Fighting
  6694 | D:8      | Reached skill level 1 in Stealth
  6694 | D:8      | Reached XP level 10. HP: 45/51 MP: 11/11
  7000 | Lair:1   | Entered Level 1 of the Lair of Beasts
  7046 | Lair:1   | Reached skill level 9 in Axes
  7114 | Lair:1   | Reached **** piety under Cheibriados
  7177 | Lair:1   | Noticed a spiny frog
  7183 | Lair:1   | Killed a spiny frog
  7809 | Lair:2   | Noticed a black mamba
  7816 | Lair:2   | Killed a black mamba
  7816 | Lair:2   | Reached skill level 1 in Throwing
  7925 | Lair:2   | Reached skill level 10 in Axes
  7925 | Lair:2   | Reached XP level 11. HP: 36/56 MP: 12/12
  7940 | Lair:2   | You fall through a shaft!
  7940 | Lair:3   | Found a gate leading to a gauntlet.
  7971 | Gauntlet | Entered a Gauntlet
  7971 | Gauntlet | Found a transporter.
  7971 | Gauntlet | Noticed a sixfirhy
  7974 | Gauntlet | Noticed a wizard
  7979 | Gauntlet | Found a runed translucent gate.
  7980 | Gauntlet | Found a transporter.
  7980 | Gauntlet | Found a runed translucent gate.
  7981 | Gauntlet | Found a transporter.
  7981 | Gauntlet | Noticed a wizard
  7982 | Gauntlet | Found a transporter.
  7985 | Gauntlet | Found a transporter.
  7986 | Gauntlet | Found a transporter.
  7990 | Gauntlet | Found a runed translucent door.
  7993 | Gauntlet | Noticed a death scarab
  7994 | Gauntlet | Found a transporter.
  7996 | Gauntlet | Found a runed translucent door.
  8005 | Gauntlet | Noticed an obsidian statue
  8015 | Gauntlet | Found a transporter.
  8015 | Gauntlet | Noticed an orange crystal statue
  8035 | Gauntlet | Found a transporter.
  8039 | Gauntlet | Found a transporter.
  8050 | Gauntlet | Found a transporter.
  8053 | Gauntlet | Noticed a sixfirhy
  8095 | Gauntlet | Found a transporter.
  8099 | Gauntlet | Noticed a death scarab
  8120 | Gauntlet | Found a runed translucent gate.
  8120 | Gauntlet | Noticed a green death
  8335 | Gauntlet | Killed a green death
  8339 | Gauntlet | Got a pitted ivory amulet
  8347 | Gauntlet | Identified the amulet "Xyxused" {+Rage Str+9} (You found it
                  | in a Gauntlet)
  8354 | Gauntlet | Killed a death scarab
  8360 | Gauntlet | Killed a death scarab
  8360 | Gauntlet | Reached ***** piety under Cheibriados
  8390 | Gauntlet | Got a polished helmet
  8396 | Gauntlet | Identified the +0 helmet of the Lumpy Lies {+Blink rF+
                  | Str-3 Dex+4} (You found it in a Gauntlet)
  8399 | Gauntlet | Noticed a minotaur
  8417 | Gauntlet | Killed a minotaur
  8678 | Lair:3   | Reached skill level 1 in Invocations
  8785 | Lair:2   | Reached skill level 11 in Axes
  8930 | Lair:2   | Gained mutation: You heal very quickly. [Vine Stalker
                  | growth]
  8930 | Lair:2   | Reached XP level 12. HP: 54/61 MP: 11/14
  9074 | Lair:2   | Got an ancient hat
  9085 | Lair:2   | Identified the cursed +0 hat "Soonacev" {Dex+3} (You found
                  | it on level 2 of the Lair of Beasts)
  9133 | Lair:2   | Found a shimmering altar of Xom.
  9294 | Lair:3   | Noticed Gastronok
  9308 | Lair:3   | HP: 3/61 [oklob plant/splash of acid (11)]
  9308 | Lair:3   | Splashed by an oklob plant's acid

Skill      XL: |  1  2  3  4  5  6  7  8  9 10 11 |
---------------+----------------------------------+-----
Fighting       | 3 4 5 6 |  6.2
Axes           | 2 3 5 6 8 10 11 | 11.3
Shields        | 3 4 5 7 8 9 |  9.2
Armour         | 3 4 5 6 |  6.9
Dodging        | 1 2 |  2.4
Stealth        | 1 |  1.8
Throwing       | 1 2 |  2.3
Invocations    | 1 |  1.5

Action                   |  1- 3 |  4- 6 |  7- 9 | 10-12 || total
-------------------------+-------+-------+-------+-------++-------
Melee: War axe           |   101 |   180 |   313 |   181 ||   775
       Bite              |    25 |    55 |   139 |   108 ||   327
Throw: Javelin           |       |       |     9 |     8 ||    17
       Tomahawk          |       |       |     1 |     2 ||     3
Invok: Bend Time         |       |       |     1 |     3 ||     4
 Abil: Evoke Blink       |       |       |       |     2 ||     2
  Use: Potion            |     1 |     1 |     1 |     1 ||     4
       Scroll            |       |     8 |     3 |     7 ||    18
  Eat: Chunk             |     1 |     7 |     8 |     2 ||    18
       Ration            |       |       |       |     1 ||     1
Armor: Scale mail        |    26 |       |       |       ||    26
       Chain mail        |    13 |    80 |   116 |    72 ||   281
Dodge: Dodged            |    26 |    35 |    69 |    34 ||   164
       Deflected         |       |       |       |     1 ||     1
Block: Shield            |    47 |   162 |   270 |    24 ||   503
       Reflection        |       |     1 |    10 |       ||    11
       Large shield      |       |       |       |   209 ||   209
